 Dungeon Crawl Stone Soup version 0.26-a0-720-g2a1d101370 (webtiles) character file.

Game seed: 690670301452436814

69 Mitsuki the Covered (level 4, 0/40 HPs)
             Began as a Minotaur Fighter on Nov 2, 2020.
             Was an Initiate of the Shining One.
             Succumbed to an adder's poison
             ... on level 2 of the Dungeon.
             The game lasted 00:02:53 (1222 turns).

Mitsuki the Covered (Minotaur Fighter)              Turns: 1222, Time: 00:02:54

Health: 0/40       AC:  7    Str: 17 (20) XL:     4   Next: 2%
Magic:  3/3        EV:  7    Int:  5 (6)  God:    the Shining One [......]
Gold:   60         SH:  9    Dex:  8 (10) Spells: 3/3 levels left

rFire    . . .     SeeInvis .   a - +0 long sword
rCold    . . .     Faith    .   c - +0 kite shield
rNeg     . . .     Spirit   .   b - +0 scale mail
rPois    .         Reflect  .   (helmet restricted)
rElec    .         Harm     .   (no cloak)
rCorr    .         Rampage  .   (no gloves)
MR       .....                  (no boots)
Stlth    ..........             (no amulet)
HPRegen  0.13/turn              (no ring)
MPRegen  0.08/turn              (no ring)

@: lethally poisoned (0 -> -9), stab, flying, glowing
A: retaliatory headbutt, horns 2
a: Renounce Religion


You were on level 2 of the Dungeon.
You worshipped the Shining One.
The Shining One was noncommittal.
You visited 1 branch of the dungeon, and saw 2 of its levels.

You collected 60 gold pieces.

Inventory:

Hand Weapons
 a - a +0 long sword (weapon)
Armour
 b - a +0 scale mail (worn)
 c - a +0 kite shield (worn)
Jewellery
 e - an uncursed amulet of guardian spirit {unknown}
Scrolls
 g - a scroll of identify {unknown}
 h - a scroll of remove curse {unknown}
 i - a scroll of amnesia {unknown}
Potions
 d - a potion of might
 f - a potion of degeneration


   Skills:
 + Level 4.1 Fighting
 + Level 3.1 Long Blades
 + Level 4.2 Armour
 + Level 1.5 Dodging
 + Level 4.2 Shields


You had 3 spell levels left.
You didn't know any spells.
Your spell library was empty.

Dungeon Overview and Level Annotations

Branches:
Dungeon (2/15)

Altars:
The Shining One


Innate Abilities, Weirdness & Mutations

You reflexively headbutt those who attack you in melee.
You have a pair of horns on your head.


Message History

You feel sick. You block the adder's attack.
You take 1 damage, and have 4/40 hp.
You barely miss the adder.
The adder is severely wounded.
The adder bites you but does no damage. x2
You miss the adder. Your headbutt misses the adder.
The adder is severely wounded.
* * * LOW HITPOINT WARNING * * *
You feel sick. The adder bites you.
* * * LOW HITPOINT WARNING * * *
You are more poisoned.
The adder poisons you! You block the adder's attack.
You take 3 damage, and have 1/40 hp.
You hit the adder. Your headbutt misses the adder.
The adder is severely wounded.
* * * LOW HITPOINT WARNING * * *
You feel sick. You block the adder's attack.
You miss the adder.
The adder is severely wounded.
You die...

#....##
#....?##
#.....#
#....#
#.?..#
#..###
#....#
##†S## #@.#
##..#
##...#
#########
#####8...##
#........
#...#.....#
#........
#._.......#
#......).
#...#.....#
#........
#####8....#
#........
##...##
#........


You could see an adder.

Vanquished Creatures
  A gnoll (D:1)
  An adder (D:2)
  An ooze (D:1)
  3 dart slugs (D:1)
  2 leopard geckos
  A ball python (D:2)
  3 bats (D:1)
  4 giant cockroaches (D:1)
  5 hobgoblins
  3 jackals (D:2)
  4 frilled lizards
  4 goblins
  2 kobolds (D:1)
  4 rats
38 creatures vanquished.

Notes
Turn   | Place    | Note
-------+----------+-------------------------------------------
     0 | D:1      | Mitsuki the Minotaur Fighter began the quest for the Orb.
     0 | D:1      | Reached XP level 1. HP: 19/19 MP: 0/0
   111 | D:1      | Reached XP level 2. HP: 27/27 MP: 1/1
   282 | D:1      | Reached skill level 1 in Dodging
   557 | D:1      | Reached XP level 3. HP: 33/33 MP: 2/2
  1183 | D:2      | Found a glowing golden altar of the Shining One.
  1187 | D:2      | Became a worshipper of the Shining One
  1214 | D:2      | Reached XP level 4. HP: 10/40 MP: 3/3
  1220 | D:2      | HP: 1/40 [adder (2)]
  1222 | D:2      | Succumbed to an adder's poison

Illustrated notes

Levels and vault maps discovered:
D:1:      dpeg_arrival_renting, layout_loops_ring
D:2:      layout_rooms, nicolae_tso_carved_into_rock, minmay_quantized,
          uniq_crazy_yiuf_cottage

Skill      XL: |  1  2  3 |
---------------+----------+-----
Dodging        | 1 |  1.5
Shields        | 4 |  4.2
Armour         | 4 |  4.2
Fighting       | 4 |  4.1
Long Blades    | 3 |  3.1

Action                   |  1- 3 |  4- 6 || total
-------------------------+-------+-------++-------
Melee: Long sword        |    90 |     8 ||    98
       Headbutt          |     7 |     1 ||     8
  Use: Potion            |     3 |       ||     3
Armor: Scale mail        |    71 |     6 ||    77
Dodge: Dodged            |    39 |     2 ||    41
Block: Kite shield       |    68 |     4 ||    72
       Rpst.: Long sword |     8 |     1 ||     9

Table legend: (Time is in decaauts)
 A = Elapsed time spent in this place.
 B = Non-inter-level travel time spent in this place.
 C = Inter-level travel time spent in this place.
 D = Time resting spent in this place.
 E = Time spent auto-exploring this place.
 F = Levels seen in this place.
 G = Mean time per level.
                   A        B        C        D        E       F      G
               +--------+--------+--------+--------+--------+-----+--------+
         Total |   1253 |   1228 |     25 |      0 |   1005 |   2 |  626.5 |
       Dungeon |   1253 |   1228 |     25 |      0 |   1005 |   2 |  626.5 |
               +--------+--------+--------+--------+--------+-----+--------+

Top non-repeatable levels by time:
     D:1: 971 daAuts
     D:2: 281 daAuts
